Map: Frost LE

Players

Simurch - Winner!

  • Race: Terran Terran
  • League: Diamond
  • Spawn Location: 7:00

Fropez

  • Race: Protoss Protoss
  • League: Gold
  • Spawn Location: 11:00

VOD

Have the link to the VOD?

Description

Time

  • Played on: Sept. 15, 2016, 1:59 p.m.
  • Length: 22:25
Show
View Real Time Build Order
Export as new Build Order

Simurch Terran - Winner!

Build Orders: Cyclone Opening 

Get SALT Encoding   

  12  0:01  SCV  
  13  0:13  SCV  
  14  0:20  Supply Depot  
  14  0:25  SCV  
  15  0:29  Refinery  
  15  0:44  Barracks  
  15  0:45  SCV  
  16  0:56  Refinery  
  16  0:57  SCV  
  17  1:11  SCV, Supply Depot  
  18  1:24  SCV  
  19  1:32  Reaper  
  20  1:40  Orbital Command  
  20  1:55  Factory  
  20  2:14  SCV  
  21  2:20  Engineering Bay  
  21  2:21  Barracks Tech Lab  
  21  2:26  SCV  
  22  2:38  SCV  
  23  2:46  Factory  
  23  2:52  Mag-Field Accelerator  
  23  2:53  Missile Turret  
  23  2:54  Barracks Reactor, Cyclone  
  27  2:59  SCV  
  27  3:05  Supply Depot  
  28  3:20  SCV  
  28  3:26  Cyclone  
  32  3:28  Supply Depot  
  32  3:43  Widow Mine x2  
  36  3:54  Command Center  
  36  4:10  Cyclone  
  40  4:24  Widow Mine  
  40  4:25  Widow Mine  
  44  4:32  Barracks Tech Lab  
  44  4:47  Cyclone  
  44  4:53  Widow Mine  
  46  5:02  Widow Mine  
  46  5:19  Cyclone  
  50  5:21  Widow Mine  
  52  5:30  Widow Mine  
  54  5:56  Cyclone  
  58  6:04  Orbital Command  
  58  6:08  SCV  
  58  6:10  Barracks  
  59  6:20  SCV  
  48  7:06  Orbital Command  
  48  7:08  SCV  
  49  7:10  Barracks Reactor  
  49  7:12  Barracks  
  49  7:13  Widow Mine x2  
  49  7:14  Starport  
  53  7:20  SCV  
  54  7:37  Cyclone  
  58  7:57  Marauder  
  60  8:07  SCV  
  60  8:10  Supply Depot  
  61  8:15  Marine  
  61  8:16  Barracks Tech Lab  
  62  8:23  Marine, SCV  
  62  8:32  Starport Reactor, Marauder  
  62  8:33  Marine, Supply Depot  
  65  8:35  Stimpack, SCV  
  65  8:36  Terran Infantry Weapons Level 1  
  65  8:41  Marine  
  64  8:45  Command Center  
  65  8:49  SCV  
  65  8:50  Marine  
  65  8:53  Marauder  
  65  8:55  Marauder  
  71  8:56  Combat Shields  
  71  8:59  Marine  
  71  9:01  SCV  
  73  9:06  Supply Depot  
  73  9:08  Marine  
  74  9:12  Missile Turret  
  74  9:13  SCV  
  74  9:15  Marauder  
  74  9:17  Marine  
  78  9:27  Marine  
  78  9:28  Marauder  
  78  9:30  Medivac x2  
  83  9:33  Starport  
  83  9:34  Marine  
  83  9:36  Marine  
  85  9:42  SCV  
  85  9:43  Refinery  
  86  9:54  Marine x2, SCV, Marauder x2  
  86  9:55  SCV  
  94  10:00  Orbital Command  
  94  10:04  Liberator  
  94  10:06  Starport, SCV  
  95  10:11  Marine x2  
  97  10:15  Marauder x2  
  97  10:18  Barracks  
  97  10:20  Orbital Command  
  88  10:21  Medivac  
  106  10:29  Marine x2  
  108  10:36  Marine  
  108  10:38  Starport Reactor  
  108  10:40  Supply Depot  
  109  10:42  Supply Depot  
  109  10:46  Marauder  
  109  11:01  Marine  
  109  11:02  SCV, Marauder  
  113  11:05  Barracks  
  113  11:10  Terran Infantry Armor Level 1  
  113  11:11  Concussive Shells  
  113  11:12  Marauder, Liberator  
  113  11:13  Marine  
  113  11:14  SCV  
  117  11:19  Marine  
  117  11:23  Marauder  
  117  11:24  Supply Depot  
  120  11:26  SCV  
  120  11:29  Medivac  
  120  11:31  Marine  
  127  11:33  SCV  
  127  11:34  Marauder, Refinery  
  127  11:35  Barracks Reactor  
  127  11:37  Marine  
  131  11:45  Supply Depot, Marauder, Liberator  
  131  11:46  SCV  
  134  11:47  Supply Depot  
  134  11:48  Marine  
  135  12:07  Liberator  
  138  12:09  Armory  
  138  12:13  Missile Turret  
  138  12:15  Marine x2, SCV  
  139  12:16  Marine x5  
  139  12:21  Supply Depot  
  146  12:27  SCV  
  150  12:31  Liberator  
  150  12:39  SCV  
  150  12:40  Refinery  
  154  12:53  Liberator  
  152  13:09  Medivac x2  
  159  13:19  Marine x3, Marauder x2  
  164  13:20  Marine x2  
  164  13:23  Supply Depot  
  168  13:37  Marine x2  
  168  13:40  Marauder  
  172  13:44  Refinery  
  166  14:56  Marine x4, Marauder x2  
  174  15:11  Liberator x4  
  174  15:17  Marauder x2  
  181  15:29  Medivac  
  181  15:32  Supply Depot  
  189  15:40  Supply Depot  
  189  15:42  Barracks Tech Lab  
  189  15:48  Command Center  
  189  15:50  Marine x2  
  189  15:51  Marauder  
  175  15:59  Medivac  
  171  16:19  Marine x5, Marauder x2  
  171  16:22  Supply Depot  
  150  17:12  Raven  
  152  17:17  Liberator x2  
  152  17:25  Planetary Fortress  
  152  17:27  Missile Turret  
  152  17:30  Supply Depot  
  152  17:31  Marauder x2  
  152  17:32  Marine x4, Marauder  
  152  17:33  Medivac x2  
  172  17:46  Liberator  
  172  17:49  Marine  
  173  17:53  Marauder x2  
  173  17:55  Raven  
  175  18:50  Marine x2  
  161  19:40  SCV  
  161  19:44  Command Center  
  162  19:52  Marine x2, SCV, Marauder x3  
  169  19:53  Marine x2  
  169  19:56  Medivac x2  
  169  19:58  Command Center  
  177  20:10  Marine  
  177  20:14  Marauder  
  150  20:22  Marine x3, Marauder x2  
  150  20:28  Marine  
  157  20:35  Marauder  
  160  20:37  Supply Depot  
  160  20:40  Marine x3  
  163  20:43  Marauder x2  
  163  20:46  Marine  
  168  20:56  Marauder  
  170  20:57  Marine  
  170  20:58  Marine x2  
  170  21:04  Marine x2  
  157  21:40  SCV x3  
  154  21:52  SCV x2  
  154  21:53  SCV  
  144  21:54  Marine x5, Marauder x2  
  152  22:04  SCV x2  
Show
View Real Time Build Order
Export as new Build Order

Fropez Protoss 

Build Orders:  

Get SALT Encoding   

  12  0:01  Probe (Chrono Boost)  
  13  0:14  Pylon  
  13  0:20  Probe (Chrono Boost)  
  14  0:33  Gateway  
  14  0:35  Probe (Chrono Boost)  
  15  0:46  Pylon  
  15  0:48  Probe (Chrono Boost)  
  16  0:54  Assimilator  
  16  0:58  Probe (Chrono Boost)  
  17  1:09  Probe (Chrono Boost)  
  18  1:20  Probe (Chrono Boost)  
  18  1:21  Cybernetics Core  
  19  1:29  Assimilator  
  19  1:30  Probe (Chrono Boost)  
  20  1:41  Probe (Chrono Boost)  
  21  1:56  Gateway  
  21  1:58  Gateway  
  21  2:02  Mothership Core (Chrono Boost)  
  23  2:13  Stalker (Chrono Boost)  
  24  2:18  Warp Gate (Chrono Boost)  
  24  2:21  Probe  
  25  2:30  Pylon  
  25  2:33  Probe  
  26  2:40  Stalker (Chrono Boost)  
  28  2:45  Probe  
  29  2:56  Stalker (Chrono Boost)  
  33  3:06  Stalker (Chrono Boost)  
  33  3:16  Probe  
  34  3:25  Stalker  
  36  3:29  Probe  
  36  3:33  Stalker  
  39  3:44  Pylon  
  39  3:50  Pylon  
  39  4:02  Probe  
  42  4:11  Twilight Council  
  42  4:14  Probe  
  41  4:26  Probe  
  41  4:29  Nexus  
  42  4:38  Probe  
  43  4:41  Gateway  
  43  4:50  Probe  
  40  4:58  Forge  
  40  5:02  Probe  
  41  5:14  Probe  
  41  5:17  Pylon  
  38  5:24  Stalker  
  38  5:25  Stalker x2  
  38  5:26  Probe  
  45  5:32  Pylon  
  45  5:36  Photon Cannon  
  45  5:50  Photon Cannon  
  45  5:51  Pylon, Probe  
  46  6:03  Probe  
  47  6:05  Pylon  
  39  6:35  Stalker x2  
  39  6:36  Stalker  
  43  6:47  Blink (Chrono Boost)  
  43  6:59  Robotics Facility  
  41  7:08  Stalker x4  
  43  7:39  Stalker x3  
  49  7:48  Observer (Chrono Boost)  
  50  8:03  Stalker  
  50  8:04  Stalker  
  54  8:50  Nexus, Probe  
  54  8:53  Assimilator  
  55  8:55  Assimilator  
  55  8:58  Pylon  
  55  9:03  Pylon  
  55  9:08  Pylon  
  55  9:12  Probe  
  54  9:24  Probe  
  55  9:40  Gateway  
  55  9:41  Gateway  
  55  9:48  Probe  
  56  9:56  Observer  
  57  10:00  Probe  
  57  10:04  Pylon  
  58  10:19  Probe x2  
  59  10:31  Stalker x3  
  65  10:47  Probe  
  66  11:00  Stalker x3  
  66  11:01  Stalker x2  
  66  11:03  Immortal  
  80  11:38  Stalker x5  
  90  11:44  Probe  
  90  11:46  Probe  
  92  11:54  Nexus  
  92  12:00  Pylon  
  92  12:07  Stalker x2  
  92  12:08  Stalker x3  
  98  12:15  Observer (Chrono Boost)  
  101  12:29  Forge x2  
  101  12:35  Observer (Chrono Boost)  
  102  12:52  Assimilator  
  102  12:53  Assimilator  
  102  13:11  Probe  
  103  13:14  Protoss Ground Weapons Level 1 (Chrono Boost), Protoss Ground Armor Level 1 (Chrono Boost)  
  103  13:53  Nexus  
  103  13:56  Assimilator  
  103  14:01  Assimilator  
  103  14:03  Pylon  
  103  14:05  Pylon  
  95  14:22  Sentry x2  
  95  14:23  Sentry x3  
  99  14:28  Gateway  
  99  14:31  Gateway  
  99  14:34  Gateway, Dark Shrine  
  99  14:37  Probe x2  
  101  14:41  Templar Archives  
  101  14:53  Stalker x4  
  101  14:54  Stalker  
  97  15:28  Probe x3  
  97  15:31  Probe  
  99  15:37  High Templar x6  
  99  15:38  High Templar  
  99  15:40  Probe x2  
  99  15:41  Archon x2  
  99  15:42  Probe, Archon  
  115  15:46  Dark Templar  
  105  16:37  Dark Templar x3  
  105  16:38  Dark Templar x3  
  111  16:48  Dark Templar x2  
  89  17:11  Dark Templar  
  89  17:17  Nexus  
  89  17:19  Probe  
  90  17:30  Probe  
  90  17:31  High Templar x4  
  90  17:35  Archon  
  90  17:36  Archon  
  99  17:40  Probe  
  99  17:42  Protoss Ground Weapons Level 2 (Chrono Boost)  
  99  17:51  Probe  
  100  18:01  Probe  
  89  18:09  Dark Templar x2  
  89  18:10  Dark Templar  
  89  18:11  Zealot  
  89  18:12  Zealot x3  
  99  18:13  Zealot  
  95  18:35  Protoss Ground Armor Level 2 (Chrono Boost)  
  95  18:42  Gateway  
  95  18:44  Gateway  
  95  18:46  Gateway  
  95  18:48  Pylon, Gateway  
  95  18:50  Pylon, Gateway  
  95  18:52  Gateway  
  95  18:54  Gateway  
  83  19:38  Archon  
  83  19:41  Archon x2  
  83  19:55  Stalker x2  
  83  19:56  Stalker x5  
  83  19:57  Stalker  
  58  20:44  Stalker  
  58  20:45  Stalker x4  
  58  20:46  Stalker x2  
  58  20:48  Stalker x3  
  58  20:49  Stalker x4  
  86  20:50  Stalker  
  63  21:40  Stalker x2  
  63  21:41  Stalker x2  
Tags
 
Matchup
PvT
Replay Pack
All Mines
Spawn Locations
Close Positions
Add a new tag
Caveats
  • Supply blocks, unpowered buildings, or Contaminate may cause inaccurate times.
  • Supply counts are checked every 10 seconds.